 Dungeon Crawl Stone Soup version 0.15.2 (webtiles) character file.

104 glosham the Chopper (level 4, 0/27 HPs)
             Began as a Gargoyle Healer on Feb 9, 2016.
             Was a Believer of Elyvilon.
             Slain by a gnoll
             ... wielding a +0 halberd
              (9 damage)
             ... on Level 3 of the Dungeon.
             The game lasted 00:38:22 (2625 turns).

glosham the Chopper (Gargoyle Healer)               Turns: 2625, Time: 00:38:23

HP   0/27        AC  7     Str 17      XL: 4   Next: 80%
MP   6/6         EV 12     Int 12      God: Elyvilon [**....]
Gold 62          SH  0     Dex  9      Spells:  0 memorised,  3 levels left

rFire  . . .     SeeInvis .     a - +1 hand axe (flame)
rCold  . . .     Clarity  .     F - +1 robe
rNeg   + . .     rCorr    .     (no shield)
rPois  +         rRot     +     (no helmet)
rElec  +         Spirit   .     (no cloak)
SustAb .         Warding  .     V - +0 pair of gloves
rMut   .         Stasis   .     (no boots)
Gourm  .                        (no amulet)
MR     +....                    B - ring of protection from magic
                                A - ring of wizardry

@: somewhat resistant to hostile enchantments, very unstealthy
A: negative energy resistance 1, electricity resistance, unbreathing,
petrification resistance, rot immunity, AC +3
a: Lesser Healing, Lesser Self-Healing, Divine Protection, Purification,
Renounce Religion


You were on level 3 of the Dungeon.
You worshipped Elyvilon.
Elyvilon was pleased with you.
You were hungry.

You visited 1 branch of the dungeon, and saw 3 of its levels.

You collected 62 gold pieces.

Inventory:

Hand weapons
 a - a +1 hand axe of flaming (weapon)
 b - a +0 dagger
 c - a +0 spear
 y - a +0 spear
 z - a +0 war axe
Missiles
 j - 48 stones (quivered)
 k - 19 bolts
 s - 30 arrows
 u - 12 poisoned needles
Armour
 e - a +0 ring mail
 i - a +0 scale mail
 m - a +0 leather armour
 p - a +0 leather armour
 r - a +0 leather armour
 E - a +0 leather armour
 F - a +1 robe (worn)
 G - a +0 ring mail
 V - a +0 pair of gloves (worn)
Magical devices
 g - a wand of slowing (14) {unknown}
Comestibles
 d - 3 bread rations
 f - 4 meat rations
 n - a rotting chunk of giant newt flesh
 q - 4 fruits
Scrolls
 D - a scroll of teleportation {unknown}
Jewellery
 A - a ring of wizardry (left hand)
 B - a ring of protection from magic (right hand)
Potions
 h - a potion of might {unknown}
 l - a potion of curing
 o - a potion of resistance
 t - a potion of agility
 v - a potion of brilliance {unknown}
 w - a potion of restore abilities {unknown}
 x - a potion of heal wounds
 C - 2 potions of haste {unknown}


   Skills:
 - Level 2.6 Fighting
 * Level 3.1 Axes
 - Level 1.5 Dodging
 - Level 3.0 Invocations


You had 3 spell levels left.
You didn't know any spells.

Dungeon Overview and Level Annotations

Branches:
Dungeon (3/15)

Altars:


Innate Abilities, Weirdness & Mutations

You are resistant to torment.
You are immune to poison.
Your stone body is very resilient (AC +3).
You resist negative energy.
You are resistant to electric shocks.
You can survive without breathing.
You are immune to petrification.
You are immune to rotting.


Message History

Eat which item? (? for menu, Esc to quit)
Okay, then.
There is a fountain of clear blue water here.
Found 15 gold pieces.
You now have 62 gold pieces (gained 15).
An adder comes into view.
The adder misses you.
You completely miss the adder. The adder closely misses you.
The adder bites you but does no damage.
You miss the adder. The adder bites you but does no damage.
You miss the adder. The adder bites you but does no damage.
The adder barely misses you.
You barely miss the adder. The adder closely misses you.
You barely miss the adder. The adder barely misses you.
The adder bites you but does no damage.
You miss the adder. The adder barely misses you.
You hit the adder. You burn the adder.
The adder is severely wounded.
The adder barely misses you. The adder bites you.
You barely miss the adder.
The adder is severely wounded.
The adder closely misses you.
You hit the adder. You burn the adder.
You kill the adder!
Eat which item? (? for menu, Esc to quit)
Okay, then.
A gnoll comes into view. It is wielding a halberd.
The gnoll shouts!
You start waiting.
You barely miss the gnoll. The gnoll barely misses you.
You hit the gnoll but do no damage. The gnoll hits you with a halberd!
You closely miss the gnoll. The gnoll barely misses you.
You closely miss the gnoll. The gnoll hits you with a halberd.
You hit the gnoll. You burn the gnoll.
The gnoll is lightly wounded.
The gnoll hits you with a halberd.
You hit the gnoll but do no damage.
The gnoll is lightly wounded.
The gnoll hits you with a halberd!
You die...

#.#.####.####....#
#...#.#.###.#..###
#..#.⌠.###.⌠.#.# ########
##..#.###.#.#..# #.......
##..###.###..## #.#.....
#.###.⌠.###.######.#.....
##.##.#.#.##........#.....
#..#.###.#.#..####..#.....
#.#.♣.###@♣.#...g...#.....
#..#.#.###g#....###.#.....
##.####.####....#...#.....
##.##.♣.##.......###.....
##.##.##....#...# #.##'#
##..#..........# #.##.#
##...###...#..# #.##..
##### #......# #.####
###.##.# #.#


You could see a gnoll.

Vanquished Creatures
  Natasha (thrice) (D:3)
  A gnoll (D:3)
  An adder (D:3)
  A giant gecko (D:2)
  An ooze (D:2)
  3 giant cockroaches
  3 goblins
  10 hobgoblins
  2 jackals (D:2)
  6 bats
  6 giant newts
  4 kobolds
  10 rats
51 creatures vanquished.

Notes
Turn   | Place    | Note
--------------------------------------------------------------
     0 | D:1      | glosham, the Gargoyle Healer, began the quest for the Orb.
     0 | D:1      | Reached XP level 1. HP: 12/12 MP: 2/2
   494 | D:1      | Reached skill level 2 in Fighting
   554 | D:1      | Reached XP level 2. HP: 15/17 MP: 3/3
  1401 | D:2      | Reached skill level 1 in Axes
  1419 | D:2      | Reached XP level 3. HP: 19/22 MP: 5/5
  2018 | D:2      | Reached skill level 2 in Axes
  2216 | D:3      | Reached XP level 4. HP: 14/27 MP: 6/6
  2444 | D:3      | Noticed Natasha
  2457 | D:3      | Killed Natasha
  2465 | D:3      | Noticed Natasha
  2476 | D:3      | Killed Natasha
  2476 | D:3      | Reached skill level 3 in Axes
  2532 | D:3      | Noticed Natasha
  2539 | D:3      | Killed Natasha
  2625 | D:3      | Slain by a gnoll

Action                   |  1- 3 |  4- 6 || total
-------------------------+-------+-------++-------
Melee: Club              |    40 |       ||    40
       Unarmed           |    23 |       ||    23
       Dagger            |    54 |       ||    54
       Hand axe          |    96 |    25 ||   121
Invok: Lesser Self-Heali |     1 |       ||     1
  Use: Scroll            |     9 |       ||     9
  Eat: Chunk             |     5 |       ||     5

Table legend:
 A = Turns spent in this place as a percentage of turns spent in the entire game.
 B = Non-inter-level travel turns spent in this place as a percentage of non-inter-level travel turns spent in the entire game.
 C = Inter-level travel turns spent in this place as a percentage of turns spent in this place.
 D = Turns resting spent in this place as a percentage of non-inter-level travel turns spent in this place.
 E = Turns spent auto-exploring this place as a percentage of non-inter-level travel turns spent in this place.
 F = Non-inter-level travel turns spent in this place divided by the number of levels of this place that you've seen.
                   A       B       C       D       E      F
               +-------+-------+-------+-------+-------+----------------------
         Total | 100.0 | 100.0 |   0.3 |   2.8 |   0.2 | 518.3
       Dungeon | 100.0 | 100.0 |   0.3 |   2.8 |   0.2 | 518.3
               +-------+-------+-------+-------+-------+----------------------

Table legend:
 A = Kills in this place as a percentage of kills in entire the game.
 B = Kills by you in this place as a percentage of kills by you in the entire game.
 C = Kills by friends in this place as a percentage of kills by friends in the entire game.
 D = Other kills in this place as a percentage of other kills in the entire game.
 E = Experience gained in this place as a percentage of experience gained in the entire game.
 F = Experience gained in this place divided by the number of levels of this place that you have seen.
                   A       B       C       D       E      F
               +-------+-------+-------+-------+-------+----------------------
         Total | 100.0 | 100.0 |  -nan |  -nan | 100.0 |  49.7
       Dungeon | 100.0 | 100.0 |  -nan |  -nan | 100.0 |  49.7
               +-------+-------+-------+-------+-------+----------------------

Vault maps used:
D:1:      evilmike_arrival_plus
D:3:      first_bread, grunt_decor_mini_mirrors, uniq_natasha
